Unix NetHack Version 5.0.0-0 post-release - last build Jul 19 2026 19:10:59 (3aa4ab31751d3886436d94b585a96704892fd477,branch:main).

Game began 2026-07-30 23:14:53, ended 2026-07-31 01:18:25.

IanCurtis, chaotic male elven Wizard

                                            |.|
                                            |.|
                                            |.|                   .-
                                           --.--                  ..
                                           |.....                ...
                                          --.|....               .(
                                          -..|.....      --..-
                                          ..-- .|...     |@)...
                                                --....----G%)).
                                                 .-...%..[)d..-
                                                  .......--.---

IanCurtis the Thaumaturge  St:11 Dx:14 Co:16 In:14 Wi:14 Ch:11  Chaotic
Dlvl:9  $:53 HP:0(60) Pw:8(112) AC:3  Xp:8 T:6151 

Latest messages:
 Your dog eats a gnome corpse.
 There is a partly eaten pony corpse here; eat it? [ynq] (n) y
 You resume your meal.
 You finish eating the pony corpse.
 I - a scroll labeled EIRIS SAZUN IDISI.
 The dog drops a very rusty dart.
 The dog drops a dagger.
 The dog picks up a dagger.
 The dog drops a dagger.
 The dog misses it.
 The gnome throws a thonged club!
 The thonged club misses the dog.
 A thonged club misses you.
 You stop searching.
 The thonged club returns to the gnome's hand!
 The dog misses the gnome.
 You see here a giant spider corpse.
 The gnome swings her thonged club.
 The gnome misses!
 The dog misses the gnome.
 The dog bites the gnome.
 The gnome wields a broad short sword!
 You hit the gnome.
 The dog bites the gnome.
 The dog misses the gnome.
 You kill the gnome!
 Your dog eats a gnome corpse.
 You see here a dagger.
 You stop searching.
 You hear some noises.
 The gnome lord picks up a dagger.
 You stop searching.
 You hit the gnome lord.
 The dog bites the gnome lord.
 The gnome lord thrusts his broad short sword at the dog.
 The gnome lord hits the dog.
 The gnome lord hurls a potion of paralysis!
 The flask crashes on your head and breaks into shards.
 The potion of paralysis evaporates.
 Something seems to be holding you.
 The gnome lord thrusts his broad short sword.
 The gnome lord hits!
 The gnome lord thrusts his broad short sword.
 The gnome lord hits!
 The gnome lord thrusts his broad short sword.
 The gnome lord hits!
 The gnome lord thrusts his broad short sword.
 The gnome lord hits!
 You die...
 Do you want your possessions identified? [ynq] (y) q

Inventory:
 Coins    ('$')
  $ - 53 gold pieces
 Weapons  (')')
  y - the blessed +0 Sting
  a - a blessed +1 quarterstaff (weapon in hands)
 Armor    ('[')
  o - an uncursed rusty +0 orcish helm (being worn)
  x - an uncursed +0 pair of kicking boots
  s - an uncursed +2 pair of speed boots (being worn)
  B - a blessed +3 cloak of magic resistance (being worn)
 Comestibles  ('%')
  g - an uncursed candy bar labeled "Crispy Yum Yum"
  w - a cursed food ration
  H - an uncursed lembas wafer
 Scrolls  ('?')
  A - an uncursed scroll of earth
  I - an uncursed scroll of fire
  E - a blessed scroll of gold detection
  F - 2 uncursed scrolls of identify
  z - an uncursed scroll of magic mapping
  D - a blessed scroll of remove curse
  n - an uncursed scroll of teleportation
 Rings    ('=')
  e - an uncursed ring of fire resistance
  C - a cursed ring of hunger named cursed
  u - an uncursed ring of shock resistance
 Wands    ('/')
  q - a wand of light (0:12)
  V - a wand of locking (0:7)
  p - a wand of locking (0:4)
  i - a wand of nothing (0:14)
  c - a wand of probing (0:8)
 Tools    ('(')
  b - an uncursed sack containing 7 items
  v - an empty cursed sack named cursed
  m - an uncursed leather drum
  k - an uncursed lock pick
  l - a magic marker (0:22)
  d - a +0 pick-axe
  h - 2 uncursed tallow candles
  f - a cursed tallow candle
  J - an uncursed towel
  j - 2 uncursed wax candles

Contents of the sack:
  3185 gold pieces
  a blessed scroll of confuse monster
  an uncursed spellbook of detect monsters
  an uncursed spellbook of magic missile
  2 potions of holy water
  2 uncursed potions of full healing
  3 uncursed potions of extra healing

IanCurtis the Wizard's attributes:

Background:
 You were a Thaumaturge, a level 8 male elven Wizard.
 You were chaotic, on a mission for Anhur
 who was opposed by Ptah (lawful) and Thoth (neutral).
 You were right-handed.
 You were in the Gnomish Mines, on level 9.
 You entered the dungeon 6151 turns ago.
 It was nighttime.
 There was a full moon in effect when your adventure ended.
 You had 1422 experience points, 1138 more were needed to attain level 9.

Basics:
 You had 0 out of 60 hit points.
 You had 8 out of 112 energy points (spell power).
 Your armor class was 3.
 Your wallet contained 53 zorkmids, and
 you had 3185 more stashed away in your pack.
 Autopickup was off.

Final Characteristics:
 Your strength was 11 (limit:18).
 Your dexterity was 14 (limit:18).
 Your constitution was 16 (limit:16).
 Your intelligence was 14 (limit:20).
 Your wisdom was 14 (limit:20).
 Your charisma was 11 (limit:18).

Final Status:
 You weren't hungry.
 You were unencumbered.
 You were wielding a quarterstaff.
 You had basic skill with quarterstaff and could have enhanced that.

Final Attributes:
 You were piously aligned.
 You were magic-protected.
 You were sleep resistant.
 You had infravision.
 You were warded.
 You were very fast.
 You were lucky.
 You are dead.

Miscellaneous:
 You encountered 1 bones level.
 Total elapsed playing time was 1 hour, 34 minutes and 9 seconds.

Major events:
 Turn
    1: IanCurtis the chaotic male elven Wizard entered the dungeon
  744: attained the rank of Conjurer (level 3)
  797: became literate by naming Sting
 1880: entered the Gnomish Mines
 3132: attained the rank of Thaumaturge (level 6)
 4643: reached Mine Town
 6151: killed by a gnome lord, while frozen by a potion

Spells:
 Name                 Level Category     Fail Retention
 force bolt             1   attack         0%   66%-70%
 sleep                  3   enchantment    4%   61%-70%
 wizard lock            2   matter        74%  76%-100%
 detect monsters        1   divination     0%  76%-100%
 magic missile          2   attack         0%   91%-95%

Skills:
 Fighting Skills
   bare handed combat [Unskilled]
   riding             [Unskilled]
 Weapon Skills
   dagger             [Unskilled]
   knife              [Unskilled]
   axe                [Unskilled]
   short sword        [Unskilled]
   club               [Unskilled]
   mace               [Unskilled]
   quarterstaff       [Basic]
   polearms           [Unskilled]
   spear              [Unskilled]
   trident            [Unskilled]
   sling              [Unskilled]
   dart               [Unskilled]
   shuriken           [Unskilled]
 Spellcasting Skills
   attack spells      [Skilled]
   healing spells     [Unskilled]
   divination spells  [Unskilled]
   enchantment spells [Basic]
   clerical spells    [Unskilled]
   escape spells      [Unskilled]
   matter spells      [Unskilled]

Voluntary challenges:
 Character rerolling was not enabled.
 You never genocided any monsters.
 You never polymorphed an object.
 You never changed form.
 You used no wishes.
Achievements:
 You attained the rank of Conjurer.
 You entered a shop.
 You entered the Gnomish Mines.
 You attained the rank of Thaumaturge.
 You entered Minetown.
 You entered a temple.

 The Dungeons of Doom: levels 1 to 3
    Level 1:
       Some fountains.
    Level 2:
       A general store.
    Level 3: "spellbooks by altars"
       Many altars to Anhur.
       Stairs down to The Gnomish Mines.
 The Gnomish Mines: levels 4 to 9
    Level 4:
    Level 5:
    Level 6:
       A grave.
       Final resting place for
          yeovil-Wiz-Hum-Mal-Neu, killed by a gnome lord.
    Level 7:
       Many shops, a temple and an altar, some fountains.
    Level 8:
    Level 9: <- You were here.
       Final resting place for
          you, killed by a gnome lord, while frozen by a potion.


Vanquished creatures:
  a couatl
  a small mimic
  a wolf
  a giant spider
 an owlbear
  a dwarf leader
  a blue jelly
  a wood nymph
  3 Mordor orcs
  a rock piercer
  a rock mole
  a pony
  a yellow light
  2 shriekers
 11 gnome leaders
  3 gnomish wizards
  a gray ooze
  2 giant ants
  a kitten
  9 dwarves
  a homunculus
  6 rothes
  2 centipedes
  2 orc zombies
  a wererat
  a werejackal
  3 iguanas
  3 acid blobs
  a coyote
  2 hobbits
  a large kobold
  3 giant rats
  a cave spider
  3 yellow molds
  a green mold
  2 red molds
 34 gnomes
  6 garter snakes
  a gnome zombie
  3 geckos
  7 jackals
  a fox
  a kobold
  a goblin
  4 sewer rats
  3 grid bugs
 10 lichens
  a kobold zombie
 12 newts
161 creatures vanquished.

No species were genocided or became extinct.

Game over:
                       ----------
                      /          \
                     /    REST    \
                    /      IN      \
                   /     PEACE      \
                  /                  \
                  |    IanCurtis     |
                  |     3238 Au      |
                  |   killed by a    |
                  |    gnome lord    |
                  |                  |
                  |                  |
                  |       2026       |
                 *|     *  *  *      | *
        _________)/\\_//(\/(/\)/\//\/|_)_______

Goodbye IanCurtis the Wizard...

You died in The Gnomish Mines on dungeon level 9 with 9003 points,
and 3238 pieces of gold, after 6151 moves.
You were level 8 with a maximum of 60 hit points when you died.

